Map: Ulrena

Players

PTSky - Winner!

  • Race: Terran Terran
  • League: Diamond

ILLBdA

  • Race: Terran Terran
  • League: Diamond

VOD

Have the link to the VOD?

Description

Time

  • Played on: Dec. 17, 2015, 9:49 a.m.
  • Length: 5:18
Show
View Real Time Build Order
Export as new Build Order

PTSky Terran - Winner!

Build Orders:  

Get SALT Encoding   

  12  0:01  SCV  
  13  0:13  SCV  
  14  0:17  Supply Depot  
  14  0:25  SCV  
  15  0:28  Refinery  
  15  0:41  Barracks  
  15  0:44  SCV  
  16  0:57  SCV  
  16  1:03  Barracks  
  17  1:09  SCV  
  18  1:21  SCV  
  19  1:25  Supply Depot  
  19  1:28  Reaper  
  20  1:34  Refinery  
  20  1:45  Barracks  
  20  1:51  Reaper  
  21  1:57  SCV  
  21  2:00  Reaper  
  23  2:10  Orbital Command  
  23  2:23  Reaper  
  24  2:32  Reaper  
  24  2:34  Factory  
  24  2:51  Reaper  
  23  3:08  Reaper  
  20  3:34  Bunker  
  18  3:44  Supply Depot  
  18  3:51  Factory Tech Lab  
  18  4:02  Supply Depot  
  18  4:05  Reaper x2  
  18  4:06  Supply Depot  
  20  4:11  SCV  
  20  4:12  Siege Tank  
  24  4:38  Starport  
  24  4:48  Barracks Tech Lab  
  24  4:52  SCV  
  25  5:04  SCV  
Show
View Real Time Build Order
Export as new Build Order

ILLBdA Terran 

Build Orders:  

Get SALT Encoding   

  12  0:00  SCV  
  13  0:13  SCV  
  14  0:21  Supply Depot  
  14  0:25  SCV  
  15  0:44  Barracks  
  15  0:49  Barracks  
  15  1:02  Barracks  
  15  1:06  SCV  
  17  1:30  Marine  
  17  1:32  Barracks  
  17  1:34  Orbital Command  
  17  1:39  Marine  
  18  1:49  Marine  
  18  1:50  Marine  
  20  1:56  Supply Depot  
  20  1:58  Marine  
  21  2:06  Marine  
  21  2:08  Marine  
  23  2:17  Marine  
  24  2:24  Marine  
  24  2:26  Marine  
  24  2:29  Bunker, Marine  
  27  2:35  Marine  
  28  2:42  Marine  
  28  2:43  Marine  
  29  2:47  Marine  
  29  2:53  Marine  
  30  3:00  Marine  
  30  3:01  Marine  
  30  3:04  Marine  
  31  3:11  Marine  
  31  3:18  Marine  
  31  3:19  Marine  
  30  3:22  Marine  
  30  3:29  Marine  
  26  3:36  Marine  
  26  3:37  Marine  
  26  3:40  Marine  
  29  3:46  Marine  
  27  3:53  Marine  
  27  3:55  Marine  
  27  3:58  Marine  
  27  4:04  Marine  
  28  4:11  Marine  
  28  4:12  Marine  
  28  4:14  Supply Depot  
  28  4:16  Marine  
  30  4:22  Marine  
  31  4:29  Marine  
  31  4:31  Marine  
  31  4:33  Marine  
  28  4:40  Marine  
  28  4:47  Marine  
  28  4:48  Marine  
  28  4:51  Marine  
  31  4:58  Marine  
Tags
 
Matchup
TvT
Race
Terran
Replay Pack
me
Add a new tag
Caveats
  • Supply blocks, unpowered buildings, or Contaminate may cause inaccurate times.
  • Supply counts are checked every 10 seconds.